[Event "FIDE World Senior-Women CC 2023"]
[Site "Terrasini"]
[Date "2023.11.03"]
[Round "9.4"]
[White "Folkova, Martina"]
[Black "Leszner, Liliana"]
[Result "1-0"]
[ECO "B06"]
[WhiteElo "2022"]
[BlackElo "1891"]
[Annotator "NA RC"]
[PlyCount "96"]
[EventDate "2023.10.22"]
[EventType "swiss"]
[EventCountry "ITA"]
[SourceTitle "playchess.com"]
[Source "ChessBase"]
[SourceQuality "1"]
[TimeControl "40/5400+30:1800+30"]

1. e4 d6 2. d4 g6 3. Nc3 Bg7 4. f4 a6 5. Nf3 b5 6. Be3 Bb7 7. Bd3 b4 8. Ne2 Nf6 9. Ng3 Ng4 10. Bg1 e5 11. fxe5 dxe5 12. h3 Nh6 13. Nxe5 c5 14. Qd2 cxd4 15. Bxd4 O-O 16. Ne2 Bxe4 17. O-O Bxd3 18. Qxd3 Nf5 19. Rxf5 gxf5 20. Qxf5 Qc8 21. Qf3 Nd7 22. Nc6 Qe8 23. Bxg7 Kxg7 24. Ned4 Ne5 25. Qg3+ Ng6 26. Re1 Qd7 27. Re7 Qd5 28. Re5 Qd7 29. Rh5 f6 30. Nf5+ Kh8 31. Qxg6 Rf7 32. Ncd4 Rg8 33. Qh6 Qd5 34. Qd2 Qxa2 35. Nh6 Rd8 36. Nxf7+ Qxf7 37. Rh4 a5 38. Qf2 a4 39. Rf4 Qa7 40. c3 a3 41. Rxf6 Kg8 42. Rf4 Qe7 43. bxa3 bxa3 44. Kh2 Rb8 45. Nc6 Qc7 46. Nxb8 Qxb8 47. Qg3+ Kh8 48. Ra4 Qb6 1-0

[Event "FIDE World Senior-Women CC 2023"]
[Site "Terrasini"]
[Date "2023.11.03"]
[Round "9.5"]
[White "Gaprindashvili, Nona"]
[Black "Mikhaylova, Irina"]
[Result "1/2-1/2"]
[ECO "D85"]
[WhiteElo "2267"]
[BlackElo "2216"]
[Annotator "RC"]
[PlyCount "62"]
[EventDate "2023.10.22"]
[EventType "swiss"]
[EventCountry "ITA"]
[SourceTitle "playchess.com"]
[Source "ChessBase"]
[SourceQuality "1"]
[TimeControl "40/5400+30:1800+30"]

1. d4 Nf6 2. c4 g6 3. Nc3 d5 4. cxd5 Nxd5 5. e4 Nxc3 6. bxc3 Bg7 7. Be3 c5 8. Rc1 Qa5 9. Qd2 cxd4 10. cxd4 Qxd2+ 11. Kxd2 O-O 12. Nf3 Rd8 13. d5 e6 14. Bc4 exd5 15. Bxd5 Nc6 16. Ke2 Be6 17. Bxe6 fxe6 18. Rhd1 h6 19. Rb1 b6 20. Rdc1 Rac8 21. Rc4 Na5 22. Rxc8 Rxc8 23. Rd1 Rc2+ 24. Kf1 Nc4 25. Rd8+ Kh7 26. Bd4 e5 27. Be3 Rxa2 28. Rd7 Nxe3+ 29. fxe3 Ra4 30. Ke2 Rxe4 31. Rxa7 b5 1/2-1/2

[Event "FIDE World Senior-Women CC 2023"]
[Site "Terrasini"]
[Date "2023.11.04"]
[Round "10.1"]
[White "Khropova, Larisa"]
[Black "Calzetta Ruiz, Monica"]
[Result "0-1"]
[ECO "D00"]
[WhiteElo "2054"]
[BlackElo "2239"]
[Annotator "ChessBase"]
[PlyCount "80"]
[EventDate "2023.10.22"]
[EventType "swiss"]
[EventCountry "ITA"]
[SourceTitle "playchess.com"]
[Source "ChessBase"]
[SourceQuality "1"]
[TimeControl "40/5400+30:1800+30"]

1. d4 Nf6 2. Nf3 g6 3. Nc3 d5 4. h3 Bg7 5. Bf4 O-O 6. e3 c5 7. Be2 cxd4 8. exd4 Nc6 9. O-O Bf5 10. a3 Rc8 11. Re1 a6 12. Rc1 Ne4 13. g4 Be6 14. Be3 h6 15. Nb1 Kh7 16. c3 f5 17. gxf5 Bxf5 18. Kg2 e6 19. Nbd2 Rc7 20. Nf1 Rcf7 21. N1h2 e5 22. Rf1 Qd7 23. Ng1 exd4 24. cxd4 Qd8 25. b4 Ng5 26. Ng4 Ne6 27. Bd3 Ncxd4 28. Bxf5 Nxf5 29. Bc5 Nxc5 30. Rxc5 d4 31. Qd3 h5 32. Nh2 b6 33. Rc2 Qd5+ 34. f3 Ne3+ 35. Kh1 Nxc2 36. Qxc2 d3 37. Qg2 Rc7 38. f4 Qxg2+ 39. Kxg2 Rc2+ 40. Kg3 h4+ 0-1

[Event "FIDE World Senior-Women CC 2023"]
[Site "Terrasini"]
[Date "2023.11.04"]
[Round "10.3"]
[White "Folkova, Martina"]
[Black "Makropoulou, Marina"]
[Result "1/2-1/2"]
[ECO "C88"]
[WhiteElo "2022"]
[BlackElo "2081"]
[Annotator "NA"]
[PlyCount "24"]
[EventDate "2023.10.22"]
[EventType "swiss"]
[EventCountry "ITA"]
[SourceTitle "playchess.com"]
[Source "ChessBase"]
[SourceQuality "1"]
[TimeControl "40/5400+30:1800+30"]

1. e4 e5 2. Nf3 Nc6 3. Bb5 a6 4. Ba4 Nf6 5. O-O b5 6. Bb3 Bb7 7. d3 Be7 8. a4 O-O 9. Re1 d6 10. Nbd2 Na5 11. Ba2 c5 12. Nf1 c4 1/2-1/2

[Event "FIDE World Senior-Women CC 2023"]
[Site "Terrasini"]
[Date "2023.11.04"]
[Round "10.4"]
[White "Klinova, Masha"]
[Black "Bogumil, Tatiana"]
[Result "1/2-1/2"]
[ECO "B31"]
[WhiteElo "2249"]
[BlackElo "2080"]
[Annotator "ChessBase"]
[PlyCount "42"]
[EventDate "2023.10.22"]
[EventType "swiss"]
[EventCountry "ITA"]
[SourceTitle "playchess.com"]
[Source "ChessBase"]
[SourceQuality "1"]
[TimeControl "40/5400+30:1800+30"]

1. e4 c5 2. Nf3 Nc6 3. Bb5 g6 4. Bxc6 dxc6 5. d3 Bg7 6. Nc3 Nf6 7. Be3 Nd7 8. Qd2 h6 9. O-O e5 10. a3 Qe7 11. Rfb1 Nf8 12. b4 Ne6 13. Na4 b6 14. bxc5 b5 15. Nc3 a5 16. d4 exd4 17. Nxd4 Bb7 18. Nxe6 Qxe6 19. Bd4 O-O-O 20. Ne2 Qxe4 21. c3 Rhe8 1/2-1/2

[Event "FIDE World Senior-Women CC 2023"]
[Site "Terrasini"]
[Date "2023.11.04"]
[Round "10.5"]
[White "Tereladze, Sopio"]
[Black "Gaprindashvili, Nona"]
[Result "1-0"]
[ECO "B15"]
[WhiteElo "2215"]
[BlackElo "2267"]
[Annotator "ChessBase"]
[PlyCount "193"]
[EventDate "2023.10.22"]
[EventType "swiss"]
[EventCountry "ITA"]
[SourceTitle "playchess.com"]
[Source "ChessBase"]
[SourceQuality "1"]
[TimeControl "40/5400+30:1800+30"]

1. e4 g6 2. d4 c6 3. Nc3 d5 4. e5 Bg7 5. h3 Nh6 6. g4 f6 7. f4 Nf7 8. Be3 Qb6 9. Na4 Qa5+ 10. c3 Na6 11. b4 Nxb4 12. cxb4 Qxb4+ 13. Kf2 fxe5 14. fxe5 O-O 15. Nf3 Bxe5 16. dxe5 Nxe5 17. Bg2 Bxg4 18. hxg4 Nxg4+ 19. Ke2 Qe4 20. Qd4 Rf4 21. Nc3 Qc2+ 22. Qd2 Nxe3 23. Qxc2 Nxc2 24. Rac1 Na3 25. Ne5 Rf5 26. Nd3 e5 27. Nxd5 cxd5 28. Bxd5+ Kg7 29. Rc7+ Kf6 30. Rxb7 Rc8 31. Rxa7 Nb5 32. Rf7+ Kg5 33. Rg1+ Kh6 34. Rxf5 gxf5 35. Bb3 Nd4+ 36. Kd1 Nxb3 37. axb3 Rc3 38. Nc1 e4 39. Kd2 Rf3 40. b4 f4 41. Re1 Rf2+ 42. Re2 e3+ 43. Kc3 Rf1 44. Nd3 Kg5 45. b5 Ra1 46. b6 Ra8 47. Rg2+ Kf5 48. Rg7 Rb8 49. b7 Kf6 50. Rc7 f3 51. Nb4 f2 52. Nd5+ Ke5 53. Nxe3 Kd6 54. Rf7 Kc6 55. Nc4 f1=Q 56. Rxf1 Kxb7 57. Rf7+ Kc6 58. Rxh7 Rb1 59. Rh6+ Kc5 60. Rh5+ Kc6 61. Ne3 Kd6 62. Kd4 Ke6 63. Rh6+ Kf7 64. Nf5 Re1 65. Ng3 Rg1 66. Nh5 Re1 67. Ng3 Rg1 68. Ne4 Ra1 69. Kd5 Ra5+ 70. Nc5 Ra1 71. Ke5 Re1+ 72. Ne4 Kg7 73. Rb6 Kf7 74. Rf6+ Kg7 75. Rf4 Kg6 76. Ke6 Re3 77. Rg4+ Kh5 78. Rg8 Kh6 79. Kf5 Rf3+ 80. Ke5 Re3 81. Rg1 Ra3 82. Nd6 Ra5+ 83. Kf6 Kh5 84. Nf7 Ra2 85. Nd6 Kh4 86. Ke5 Kh3 87. Ne4 Ra8 88. Rg6 Ra1 89. Nf2+ Kh4 90. Rg2 Ra5+ 91. Kf4 Kh5 92. Ne4 Kh6 93. Nd6 Ra1 94. Ke5 Re1+ 95. Kf6 Kh5 96. Nf5 Ra1 97. Rg5# 1-0

[Event "FIDE World Senior-Women CC 2023"]
[Site "Terrasini"]
[Date "2023.11.05"]
[Round "11.2"]
[White "Bogumil, Tatiana"]
[Black "Strutinskaia, Galina"]
[Result "1/2-1/2"]
[ECO "D46"]
[WhiteElo "2080"]
[BlackElo "2114"]
[Annotator "NA"]
[PlyCount "25"]
[EventDate "2023.10.22"]
[EventType "swiss"]
[EventCountry "ITA"]
[SourceTitle "playchess.com"]
[Source "ChessBase"]
[SourceQuality "1"]
[TimeControl "40/5400+30:1800+30"]

1. Nf3 d5 2. d4 Nf6 3. c4 e6 4. Nc3 c6 5. e3 Nbd7 6. a3 Bd6 7. Bd3 O-O 8. O-O a6 9. e4 dxc4 10. Bxc4 e5 11. dxe5 Nxe5 12. Nxe5 Bxe5 13. Qxd8 1/2-1/2

[Event "FIDE World Senior-Women CC 2023"]
[Site "Terrasini"]
[Date "2023.11.05"]
[Round "11.3"]
[White "Makropoulou, Marina"]
[Black "Tereladze, Sopio"]
[Result "1/2-1/2"]
[ECO "C55"]
[WhiteElo "2081"]
[BlackElo "2215"]
[Annotator "ChessBase"]
[PlyCount "208"]
[EventDate "2023.10.22"]
[EventType "swiss"]
[EventCountry "ITA"]
[SourceTitle "playchess.com"]
[Source "ChessBase"]
[SourceQuality "1"]
[TimeControl "40/5400+30:1800+30"]

1. e4 e5 2. Nf3 Nc6 3. Bc4 Nf6 4. d3 Be7 5. O-O O-O 6. Re1 d6 7. a4 Be6 8. Nbd2 Qd7 9. c3 Bxc4 10. Nxc4 a5 11. h3 Rfe8 12. Bg5 h6 13. Bxf6 Bxf6 14. Ne3 g6 15. Qb3 Bg7 16. Nd5 Rab8 17. Qb5 Red8 18. Nd2 f5 19. Nc4 f4 20. f3 h5 21. Nxa5 Nxa5 22. Qxa5 c6 23. Nb6 Qe7 24. c4 Bf6 25. Kf1 Bh4 26. Rec1 g5 27. Ke2 g4 28. hxg4 hxg4 29. Rh1 Kf7 30. Kd2 Rg8 31. Raf1 gxf3 32. gxf3 Rg2+ 33. Kc3 Rbg8 34. Qa7 Bf2 35. Rxf2 Rxf2 36. Nc8 Qe6 37. Qxf2 Qxc8 38. Rh7+ Rg7 39. Qh4 Rxh7 40. Qxh7+ Kf6 41. Qh6+ Kf7 42. Qxd6 Qh3 43. Qxe5 Qxf3 44. Qc7+ Kg6 45. e5 Qe3 46. e6 Qc1+ 47. Kb3 Qd1+ 48. Kb4 Qd2+ 49. Kc5 Qe3+ 50. d4 b6+ 51. Kxb6 Qxd4+ 52. Kxc6 Qxc4+ 53. Kd7 Qxa4+ 54. Kd8 Qa8+ 55. Kd7 Qd5+ 56. Qd6 Qb7+ 57. Kd8 Qa8+ 58. Kd7 Qb7+ 59. Ke8 Qc8+ 60. Ke7 Qb7+ 61. Kd8 Qa8+ 62. Kd7 Qb7+ 63. Qc7 Qd5+ 64. Ke7 f3 65. Qg3+ Qg5+ 66. Qxg5+ Kxg5 67. Kd8 f2 68. e7 f1=Q 69. e8=Q Qd3+ 70. Qd7 Qb3 71. Qd4 Kf5 72. Kc7 Ke6 73. Qe4+ Kf6 74. Qd4+ Kf5 75. Kc6 Qe6+ 76. Kc5 Qe7+ 77. Kc4 Qe1 78. Qd5+ Kf6 79. b4 Ke7 80. Kc5 Qc3+ 81. Kb5 Qa3 82. Qd4 Qa8 83. Qg7+ Kd6 84. Qf6+ Kd7 85. Qf7+ Kd6 86. Qf4+ Kd7 87. Qd4+ Kc7 88. Qe5+ Kd7 89. Qf5+ Kd6 90. Qg6+ Kd7 91. Qh7+ Kd6 92. Qd3+ Kc7 93. Qc3+ Kd7 94. Qd4+ Kc7 95. Qe5+ Kd7 96. Kc5 Qc6+ 97. Kd4 Qd6+ 98. Qd5 Kc7 99. Qxd6+ Kxd6 100. Kc4 Kc6 101. b5+ Kb7 102. Kc5 Kc7 103. b6+ Kb8 104. Kc6 Kc8 1/2-1/2

[Event "FIDE World Senior-Women CC 2023"]
[Site "Terrasini"]
[Date "2023.11.05"]
[Round "11.4"]
[White "Krasenkowa, Elena"]
[Black "Folkova, Martina"]
[Result "1-0"]
[ECO "A14"]
[WhiteElo "2089"]
[BlackElo "2022"]
[Annotator "ChessBase"]
[PlyCount "297"]
[EventDate "2023.10.22"]
[EventType "swiss"]
[EventCountry "ITA"]
[SourceTitle "playchess.com"]
[Source "ChessBase"]
[SourceQuality "1"]
[TimeControl "40/5400+30:1800+30"]

1. c4 e6 2. g3 d5 3. Bg2 Nf6 4. Nf3 Nbd7 5. b3 Be7 6. Bb2 O-O 7. O-O b6 8. cxd5 exd5 9. Nd4 Bb7 10. Nf5 Re8 11. Nxe7+ Qxe7 12. Re1 Rad8 13. Qc2 Ne5 14. Qf5 Ba6 15. Bxe5 Qxe5 16. Qxe5 Rxe5 17. e3 d4 18. Na3 dxe3 19. dxe3 Kf8 20. Nc2 Rd2 21. Nb4 Be2 22. Nc6 Rc5 23. Nd4 Ba6 24. b4 Rc3 25. b5 Bc8 26. h3 Ra3 27. Rec1 Raxa2 28. Rxa2 Rxa2 29. Rxc7 Be6 30. g4 Ne8 31. Rb7 Nd6 32. Rc7 a6 33. Rc6 Ke7 34. Rxb6 axb5 35. Nc6+ Kf6 36. e4 Nc4 37. Rxb5 g5 38. e5+ Kg7 39. Rc5 Rd2 40. Be4 Rd1+ 41. Kg2 Rc1 42. Kh2 Rd1 43. Ne7 Re1 44. f3 Re2+ 45. Kg1 Nd2 46. Bc6 Nb3 47. Rb5 Nd4 48. Rc5 Nb3 49. Kf1 Ra2 50. Rc3 Bc4+ 51. Kg1 Ra1+ 52. Kf2 Ra2+ 53. Kg3 Nd2 54. Nf5+ Kf8 55. Ne3 Be6 56. Rd3 Kg7 57. Bd5 Bxd5 58. Rxd5 h6 59. Rd6 Rb2 60. Rd4 Kh7 61. f4 Rb3 62. Kf2 gxf4 63. Rxf4 Kg8 64. Rd4 Nb1 65. h4 Rb2+ 66. Kg3 Re2 67. Rd8+ Kh7 68. Rd3 Nd2 69. h5 Nb1 70. Kf3 Rh2 71. Kg3 Re2 72. Nf5 Rxe5 73. Rd7 Re6 74. Rxf7+ Kh8 75. Rb7 Nc3 76. Ne7 Ne2+ 77. Kf2 Nf4 78. Kf3 Nh3 79. Ng6+ Kg8 80. Rb8+ Kg7 81. Nh4 Ng5+ 82. Kf4 Kf6 83. Rf8+ Kg7 84. Ra8 Kf6 85. Nf5 Re4+ 86. Kg3 Rb4 87. Rf8+ Ke5 88. Re8+ Kf6 89. Nxh6 Rb3+ 90. Kg2 Rb2+ 91. Kf1 Nh3 92. Nf5 Rf2+ 93. Ke1 Rg2 94. h6 Ng5 95. Rf8+ Ke5 96. Ne3 Rg3 97. Kf2 Ne4+ 98. Ke2 Rh3 99. Re8+ Kf4 100. Nd5+ Kxg4 101. Rxe4+ Kg5 102. Nf4 Rh2+ 103. Kf3 Kxh6 104. Re7 Ra2 105. Kg4 Ra5 106. Re4 Rg5+ 107. Kf3 Ra5 108. Re6+ Kg7 109. Kg4 Kf7 110. Rb6 Kg7 111. Nd3 Ra4+ 112. Kf5 Ra5+ 113. Ne5 Ra1 114. Rb7+ Kg8 115. Ng4 Kf8 116. Rc7 Rb1 117. Ra7 Rc1 118. Ne5 Rb1 119. Ng6+ Ke8 120. Nf4 Rf1 121. Ke6 Re1+ 122. Kd6 Rd1+ 123. Nd5 Re1 124. Nf4 Rd1+ 125. Nd5 Re1 126. Nf6+ Kf8 127. Nd7+ Kg8 128. Ne5 Rd1+ 129. Ke6 Rf1 130. Re7 Ra1 131. Rd7 Ra6+ 132. Kf5 Ra1 133. Ng4 Rf1+ 134. Kg6 Kf8 135. Rh7 Ke8 136. Rg7 Kd8 137. Ra7 Kc8 138. Ne3 Rf2 139. Nf5 Rc2 140. Kf6 Rc6+ 141. Ke5 Rc1 142. Nd4 Kb8 143. Rd7 Kc8 144. Rf7 Rh1 145. Kd6 Rg1 146. Re7 Rh1 147. Rc7+ Kd8 148. Ne6+ Ke8 149. Re7# 1-0

[Event "FIDE World Senior-Women CC 2023"]
[Site "Terrasini"]
[Date "2023.11.05"]
[Round "11.5"]
[White "Gaprindashvili, Nona"]
[Black "Ni, Polina"]
[Result "1-0"]
[ECO "D22"]
[WhiteElo "2267"]
[BlackElo "1866"]
[Annotator "RC"]
[PlyCount "49"]
[EventDate "2023.10.22"]
[EventType "swiss"]
[EventCountry "ITA"]
[SourceTitle "playchess.com"]
[Source "ChessBase"]
[SourceQuality "1"]
[TimeControl "40/5400+30:1800+30"]

1. d4 d5 2. c4 dxc4 3. Nf3 a6 4. e3 Bg4 5. Bxc4 e6 6. h3 Bxf3 7. Qxf3 Nc6 8. O-O Nf6 9. Rd1 Be7 10. Nc3 O-O 11. Bb3 Qc8 12. e4 e5 13. dxe5 Nxe5 14. Qe2 c6 15. f4 Ng6 16. e5 Bc5+ 17. Kh1 Re8 18. Qc4 Nxe5 19. fxe5 Rxe5 20. Bf4 Rh5 21. Qxf7+ Kh8 22. Be6 Qf8 23. Qxf8+ Rxf8 24. g4 Rxh3+ 25. Kg2 1-0